 Dungeon Crawl Stone Soup version 0.31-a0-217-g58bb5d79cf (webtiles) character file.

Game seed: 5308211554802156291

249 qw the Shooter (level 5, -2/41 HPs)
             Began as a Minotaur Hexslinger on July 2, 2023.
             Frozen to death by an endoplasm (4 damage)
             ... on level 3 of the Dungeon.
             The game lasted 00:00:38 (1694 turns).

qw the Shooter (Minotaur Hexslinger)                Turns: 1694, Time: 00:00:39

Health: -2/41      AC:  3    Str: 15    XL:     5   Next: 86%
Magic:  5/5        EV: 12    Int: 10    God:
Gold:   52         SH:  0    Dex: 15    Spells: 5/6 levels left

rFire   . . .        Y - +2 sling
rCold   . . .        (no shield)
rNeg    . . .        e - +0 leather armour
rPois   .            (helmet restricted)
rElec   .            (no cloak)
rCorr   .            (no gloves)
SInv    .            (no boots)
Will    .....        a - amulet "Jiemaz" {Faith Regen+ Str+3}
Stlth   +            (no ring)
HPRegen 1.06/turn    (no ring)
MPRegen 0.09/turn

%: faith
@: no status effects
A: horns 2, retaliatory headbutt
a: no special abilities


You were on level 3 of the Dungeon.
You visited 1 branch of the dungeon, and saw 3 of its levels.

You collected 76 gold pieces.
You spent 24 gold pieces at shops.


Innate Abilities, Weirdness & Mutations

You have a pair of horns on your head.
You reflexively headbutt those who attack you in melee.


   Skills:
 + Level 2.0 Fighting
 - Level 6.6 Ranged Weapons
 - Level 2.1 Dodging
 - Level 1.0 Spellcasting
 - Level 2.0 Hexes


You had 5 spell levels left.
You knew the following spells:

 Your Spells              Type           Power      Damage    Failure   Level
a - Slow                  Hex            16%        N/A       19%         1

Your spell library contained the following spells:

 Spells                   Type           Power      Damage    Failure   Level
 Inner Flame              Hex/Fire       2%         N/A       63%         3
 Portal Projectile        Hex/Tloc       4%         N/A       63%         3
 Cause Fear               Hex            2%         N/A       88%         4

Inventory:

Hand Weapons
 Y - a +2 sling (weapon)
Armour
 e - a +0 leather armour (worn)
Jewellery
 a - the amulet "Jiemaz" (around neck) {Faith Regen+ Str+3}
   (You acquired it on level 1 of the Dungeon)

   [amulet of faith]

   It allows you to gain divine favour quickly.
   Str:       It affects your strength (+3).
   Regen:     It increases your rate of health regeneration.
 c - the amulet of Wally {Reflect rC++ rN++ Int-3 SH+5}
   (You acquired it on level 1 of the Dungeon)

   [amulet of reflection]

   It reflects blocked missile attacks.
   Int:       It affects your intelligence (-3).
   rC:        It greatly protects you from cold.
   rN:        It greatly protects you from negative energy.
   SH:        It affects your SH (+5).
Scrolls
 d - a scroll of blinking {unknown}
 f - a scroll of identify
 i - a scroll of revelation {unknown}
 j - a scroll of immolation {unknown}
Potions
 b - a potion of resistance {unknown}
 g - a potion of mutation {unknown}
 h - a potion of invisibility {unknown}

Dungeon Overview and Level Annotations

Branches:
Dungeon (3/15)

Altars:
The Shining One

Shops:
D:1 *


Message History

The endoplasm hits you.
Sigmund points at you and mumbles some strange words.
The puff of flame hits you.
You shoot a sling bullet. The sling bullet hits the endoplasm.
The endoplasm is almost dead.
Sigmund closely misses you. You furiously retaliate!
You headbutt Sigmund!
The endoplasm hits you but does no damage.
The endoplasm freezes you.
You are frozen.
You shoot a sling bullet.
The sling bullet closely misses Sigmund.
Sigmund closely misses you. You furiously retaliate!
You headbutt Sigmund.
The endoplasm hits you but does no damage.
You shoot a sling bullet. The sling bullet hits Sigmund!
Sigmund is almost dead.
The endoplasm closely misses you.
Sigmund hits you with a +3 scythe of freezing!
Sigmund freezes you.
You shoot a sling bullet.
The sling bullet closely misses Sigmund.
The endoplasm hits you but does no damage.
Sigmund misses you.
You shoot a sling bullet. The sling bullet hits Sigmund.
You kill Sigmund!
The endoplasm freezes you.
You are frozen.
Your Ranged Weapons skill gained 2 levels and is now at level 6!
You have reached level 5!
You shoot a sling bullet. The sling bullet hits the endoplasm.
The endoplasm is almost dead.
The endoplasm freezes you.
You are frozen.
You shoot a sling bullet.
The sling bullet hits the endoplasm but does no damage.
The endoplasm is almost dead.
The endoplasm freezes you.
You are frozen.
The endoplasm freezes you.
You are frozen.
You die...

.#.#.#.#.## ..(
.#.#.#.#.#.# ....
#.#.#.#.#.##.....
#.#.#.#.#......#
#.#.#.#.####.##
.#.#.#.#.#
#.#.#.#.#.#
.#.#J#.#..#
#.#.#@#.#.#
#.#.#.#)#.##
.#.#$# #.## ####
##


You could see an endoplasm.

Vanquished Creatures
  Sigmund (D:3)
  An orc wizard (D:3)
  An adder (D:2)
  2 worms (D:2)
  A dart slug (D:1)
  4 orcs (D:3)
  3 endoplasms
  A giant cockroach (D:1)
  A goblin (D:2)
  2 hobgoblins
  6 jackals
  4 kobolds
  3 ball pythons
  3 bats
  A frilled lizard (D:3)
  7 rats
41 creatures vanquished.

Notes
Turn   | Place    | Note
-------+----------+-------------------------------------------
     0 | D:1      | qw the Minotaur Hexslinger began the quest for the Orb.
     0 | D:1      | Reached XP level 1. HP: 16/16 MP: 1/1
     0 | D:1      | 0 ||| qw: Version: 0.3-a-40-ge99b1a8
     0 | D:1      | 0 ||| qw: Game counter: 7964
     0 | D:1      | 0 ||| qw: Melee chars always use a shield: true
     0 | D:1      | 0 ||| qw: God list: Okawaru
     0 | D:1      | 0 ||| qw: Allow faded altars: false
     0 | D:1      | 0 ||| qw: Do Orc after clearing Dungeon:15 true
     0 | D:1      | 0 ||| qw: Do second Lair branch before Depths: true
     0 | D:1      | 0 ||| qw: Lair rune preference: random
     0 | D:1      | 0 ||| qw: Goals: Normal
     0 | D:1      | 0 ||| PLANNING D:1-11
   348 | D:1      | Reached skill level 3 in Ranged Weapons
   427 | D:1      | Found Tulenwyv's Assorted Antiques.
   430 | D:1      | 430 ||| BUYING fuming pink potion (24 gold).
   430 | D:1      | Bought a fuming pink potion for 24 gold pieces
   438 | D:1      | Reached XP level 2. HP: 23/23 MP: 2/2
   704 | D:1      | 704 ||| UPGRADING to +0 leather armour.
   714 | D:1      | 714 ||| DROPPING +0 robe.
   715 | D:1      | 715 ||| UPGRADING to amulet of guardian spirit.
   720 | D:1      | 720 ||| READING 2 scrolls labelled PEMEYSCH UTE CYOM.
   720 | D:1      | Identified 2 scrolls of acquirement
   720 | D:1      | 720 ||| ACQUIRING amulet of Wally {Reflect rC++ rN++ Int-3
                  | SH+5}
   720 | D:1      | Acquired the amulet of Wally {Reflect rC++ rN++ Int-3 SH+5}
   721 | D:1      | 721 ||| READING scroll of acquirement.
   721 | D:1      | 721 ||| ACQUIRING amulet "Jiemaz" {Faith Regen+ Str+3}
   721 | D:1      | Acquired the amulet "Jiemaz" {Faith Regen+ Str+3}
   723 | D:1      | 723 ||| UPGRADING to amulet "Jiemaz" {Faith Regen+ Str+3}.
   733 | D:1      | 733 ||| DROPPING amulet of guardian spirit.
   734 | D:1      | 734 ||| READING scroll labelled MOCHADACORR.
   735 | D:1      | 735 ||| READING scroll labelled WEAT NYJIMAJE.
   738 | D:1      | 738 ||| READING scroll labelled ISKOGGOWIBB.
   739 | D:1      | 739 ||| DRINKING 2 white potions.
   740 | D:1      | 740 ||| DRINKING 2 fuming pink potions.
   741 | D:1      | 741 ||| DROPPING scroll of poison.
   742 | D:1      | 742 ||| DROPPING potion of attraction.
   816 | D:2      | Found a glowing golden altar of the Shining One.
   958 | D:2      | Reached XP level 3. HP: 26/29 MP: 3/3
  1351 | D:2      | 1351 ||| READING scroll labelled YJUMON RAGA.
  1373 | D:3      | Reached skill level 4 in Ranged Weapons
  1439 | D:3      | 1439 ||| DRINKING potion of curing.
  1439 | D:3      | 1439 ||| (to cure confusion)
  1447 | D:3      | HP: 7/29 [orc/+0 hand axe (5)]
  1448 | D:3      | Reached XP level 4. HP: 9/36 MP: 4/4
  1448 | D:3      | 1448 ||| READING scroll of teleportation.
  1450 | D:3      | HP: 1/36 [orc/+0 short sword (4)]
  1684 | D:3      | Noticed Sigmund
  1690 | D:3      | HP: 9/36 [Sigmund/+3 scythe of freezing (1)]
  1692 | D:3      | Killed Sigmund
  1693 | D:3      | Reached skill level 6 in Ranged Weapons
  1693 | D:3      | Reached XP level 5. HP: 8/41 MP: 5/5
  1693 | D:3      | HP: 4/41 [frozen (5)]
  1694 | D:3      | Frozen to death by an endoplasm

Levels and vault maps discovered:
D:1:      tarquinn_simple_flora_water_b, layout_loops_ring, serial_shops,
          nicolae_shop_behind_doors
D:2:      layout_loops_cross, basic_altar
D:3:      layout_basic, serial_shops, nicolae_shop_back_alley_shop,
          ebering_ecumenical_altar_webs, uniq_sigmund

Skill      XL: |  1  2  3  4 |
---------------+-------------+-----
Ranged Weapons | 3 4 6 |  6.6
Fighting       | 2 |  2.0
Dodging        | |  2.1
Spellcasting   | |  1.0
Hexes          | |  2.0

Action                     |  1- 3 |  4- 6 || total
---------------------------+-------+-------++-------
   Fire: Sling             |    91 |    39 ||   130
    Use: Scroll            |     6 |     1 ||     7
         Potion            |     3 |       ||     3
 Armour: Robe              |     3 |       ||     3
         Leather armour    |     4 |     4 ||     8
  Dodge: Dodged            |    29 |     9 ||    38

Table legend:
 A = Non-vault XP
 B = Vault XP
 C = Vault XP percentage of total XP
 D = Non-vault monster count
 E = Vault monster count
 F = Vault count percentage of total count
                 A         B        C        D         E       F
            +---------+---------+-------+---------+---------+-------
      Total |     125 |     231 |  64.9 |      40 |       1 |   2.4
            +---------+---------+-------+---------+---------+-------
        D:1 |      22 |       0 |   0.0 |      14 |       0 |   0.0
        D:2 |      39 |       0 |   0.0 |      11 |       0 |   0.0
        D:3 |      64 |     231 |  78.3 |      15 |       1 |   6.2
            +---------+---------+-------+---------+---------+-------
